 Dungeon Crawl Stone Soup version 0.28.0-45-g0d030f2227 (webtiles) character file.

Game seed: 9127937183066166225

37 pkoi the Insei (level 3, -3/45 HPs)
             Began as a Demigod Gladiator on Apr 11, 2022.
             Slain by an iguana (8 damage)
             ... on level 2 of the Dungeon.
             The game lasted 00:01:48 (1666 turns).

pkoi the Insei (Demigod Gladiator)                  Turns: 1666, Time: 00:01:48

Health: -3/45      AC: 21    Str: 15    XL:     3   Next: 7%
Magic:  5/5        EV:  2    Int: 14    God:
Gold:   89         SH:  0    Dex: 15    Spells: 2/2 levels left

rFire   . . .      SeeInvis .   f - +0 whip (vorpal)
rCold   . . .      Faith    .   (no shield)
rNeg    . . .      Spirit   .   (armour currently unavailable)
rPois   +          Reflect  .   (helmet currently unavailable)
rElec   .          Harm     .   (cloak currently unavailable)
rCorr   .          Rampage  .   (gloves currently unavailable)
Will    .....      NoTele   +   (boots currently unavailable)
Stlth   +.........              i - amulet of the acrobat
HPRegen 0.15/turn               (no ring)
MPRegen 0.09/turn               (no ring)

@: tree-form, attractive
A: stationary, stasis, torment immunity, boosted hp, high MP 1, forlorn, divine
attributes
a: no special abilities


You were on level 2 of the Dungeon.
You were a tree.
You visited 1 branch of the dungeon, and saw 2 of its levels.

You collected 89 gold pieces.

Inventory:

Hand Weapons
 f - a +0 vorpal whip (weapon)
 o - a +0 dagger
Missiles
 c - 3 throwing nets (quivered)
Armour
 a - a +0 leather armour (melded)
 b - a +0 helmet (melded)
Magical Staves
 m - a staff of poison
Jewellery
 i - an amulet of the acrobat (around neck)
Scrolls
 l - 5 scrolls of identify {unknown}
 n - a scroll of teleportation {unknown}
Potions
 d - a potion of curing {unknown}


   Skills:
 + Level 2.4 Fighting
 - Level 1.7 Throwing
 + Level 3.1 Dodging
 + Level 3.1 Unarmed Combat


You had 2 spell levels left.
You didn't know any spells.
Your spell library was empty.

Dungeon Overview and Level Annotations

Branches:
Dungeon (2/15)


Innate Abilities, Weirdness & Mutations

You are a tree.
Your roots penetrate the ground, keeping you stationary.
You cannot be teleported.
You are immune to unholy pain and torment.
Your maximum health is greatly increased.
Your equipment is partially melded.
You have an increased reservoir of magic. (+10% MP)
You shall have no god before yourself.
Your divine heritage dramatically boosts your attributes as you level up.


Message History

The iguana is lightly wounded.
The iguana bites you but does no damage.
The iguana barely misses you.
You hit the iguana.
The iguana is lightly wounded.
The iguana bites you.
* * * LOW HITPOINT WARNING * * *
You hit the iguana but do no damage.
The iguana is lightly wounded.
The iguana bites you but does no damage.
You hit the iguana but do no damage.
The iguana is lightly wounded.
The iguana bites you.
* * * LOW HITPOINT WARNING * * *
You hit the iguana but do no damage.
The iguana is lightly wounded.
The iguana bites you but does no damage.
You barely miss the iguana.
The iguana is lightly wounded.
The iguana bites you but does no damage.
You barely miss the iguana.
The iguana is lightly wounded.
The iguana bites you.
* * * LOW HITPOINT WARNING * * *
You hit the iguana.
The iguana is moderately wounded.
The iguana bites you.
* * * LOW HITPOINT WARNING * * *
You hit the iguana.
The iguana is severely wounded.
The iguana bites you but does no damage.
You closely miss the iguana. You punch the iguana.
The iguana is severely wounded.
The iguana completely misses you.
You closely miss the iguana.
The iguana is severely wounded.
The iguana bites you.
* * * LOW HITPOINT WARNING * * *
The iguana bites you!
You die...

......#######.### #.# #
......#######.#
###.####
..............#
#.......
......##.....K#
#.......
......##......#
#.......
###+#.##.....B#
#....... #.#####.#.#
#....... #.#
#.#.############..(....
#.#
#.#KBl♣................
#.#
#.##############.......
#.# #.# #....... #.#
#.# ######## #.. ..#


You could see an iguana, a giant cockroach and a kobold.

Vanquished Creatures
  A dart slug (D:1)
  2 ball pythons (D:1)
  5 bats
  3 giant cockroaches
  4 goblins
  2 hobgoblins (D:1)
  3 jackals (D:2)
  2 kobolds
  2 quokkas (D:2)
  A frilled lizard (D:1)
  5 rats
30 creatures vanquished.

Notes
Turn   | Place    | Note
-------+----------+-------------------------------------------
     0 | D:1      | pkoi the Demigod Gladiator began the quest for the Orb.
     0 | D:1      | Reached XP level 1. HP: 17/17 MP: 3/3
   698 | D:1      | Reached XP level 2. HP: 24/24 MP: 4/4
  1599 | D:2      | Reached XP level 3. HP: 27/30 MP: 5/5
  1666 | D:2      | Slain by an iguana

Illustrated notes

Levels and vault maps discovered:
D:1:      dpeg_arrival_long_road, layout_basic,
          hellmonk_ecumenical_altar_heavens_door, chequers_garden,
          minmay_quantized
D:2:      layout_basic, basic_altar, minmay_tetromino_i4

Skill      XL: |  1  2 |
---------------+-------+-----
Fighting       | 2 |  2.4
Dodging        | 3 |  3.1
Unarmed Combat | 3 |  3.1
Throwing       | |  1.7

Action                   || total
-------------------------++-------
Melee: Unarmed           ||    29
       Whip              ||   102
       Punch             ||     3
  Use: Potion            ||     4
       Scroll            ||     2
Armor: Leather armour    ||    47
       Skin              ||     6
Dodge: Dodged            ||   120
